Map: [ESL] Stargazers

Players

LiquidClem (Clem) - Winner!

  • Race: Terran Terran
  • Spawn Location: 11:00

ShoWTimE

  • Race: Protoss Protoss
  • Spawn Location: 1:00

Event: HomeStory Cup XXI

VOD

Have the link to the VOD?

Description

Time

  • Played on: July 23, 2022, 6:42 a.m.
  • Length: 30:05

All games in this series

Show
View Real Time Build Order
Export as new Build Order

LiquidClem Terran - Winner!

Build Orders: Reaper Expand 

Get SALT Encoding   

  12  0:00  SCV  
  13  0:12  SCV  
  14  0:16  Supply Depot  
  14  0:24  SCV  
  15  0:38  SCV  
  15  0:39  Barracks  
  15  0:42  Refinery  
  16  0:50  SCV  
  17  1:02  SCV  
  18  1:14  SCV  
  19  1:26  Orbital Command, Reaper  
  20  1:39  Command Center  
  20  1:52  SCV  
  20  1:54  Barracks  
  21  1:58  Barracks Reactor  
  21  2:04  SCV  
  21  2:07  Supply Depot  
  22  2:16  SCV  
  22  2:19  Factory  
  23  2:27  Refinery  
  23  2:29  SCV  
  24  2:34  Marine  
  24  2:35  Marine  
  26  2:41  Barracks Tech Lab, SCV  
  25  2:51  Orbital Command  
  27  2:53  SCV, Marine x2  
  30  3:00  Orbital Command  
  30  3:05  Barracks Tech Lab, SCV  
  31  3:08  Cyclone  
  31  3:11  Marine  
  31  3:12  Marine  
  36  3:19  SCV  
  37  3:24  Supply Depot  
  37  3:25  SCV  
  38  3:30  Stimpack  
  38  3:31  SCV  
  38  3:32  Marine  
  40  3:34  Marine  
  40  3:36  Marine  
  40  3:38  SCV  
  43  3:43  SCV  
  43  3:46  Siege Tank  
  47  3:51  Supply Depot  
  47  3:54  Marine  
  50  3:55  SCV, Marine  
  50  3:56  Marine  
  50  3:58  SCV  
  52  4:07  SCV  
  53  4:10  SCV, Starport  
  53  4:13  Marine, Supply Depot  
  53  4:14  Marine  
  53  4:15  Marine  
  57  4:19  SCV  
  57  4:22  SCV  
  59  4:24  Supply Depot  
  59  4:29  Barracks  
  59  4:31  Marine  
  59  4:33  SCV  
  59  4:35  Marine x2  
  63  4:39  SCV  
  63  4:42  Refinery  
  63  4:45  SCV  
  65  4:47  Starport Reactor, Factory Reactor  
  65  4:49  Marine  
  65  4:51  SCV  
  67  4:53  Supply Depot  
  67  4:55  Marine  
  67  4:56  Marine  
  67  4:57  SCV  
  70  5:03  SCV  
  68  5:08  Marine  
  68  5:10  SCV  
  68  5:13  Marine  
  65  5:15  Marauder, Command Center  
  65  5:18  Combat Shield  
  67  5:24  Medivac x2  
  69  5:29  Widow Mine  
  69  5:30  Widow Mine  
  69  5:33  Marine x2  
  69  5:35  Marauder  
  73  5:37  Marauder  
  73  5:39  SCV  
  73  5:40  SCV  
  76  5:43  Refinery  
  75  5:52  Marine x2  
  77  5:57  Medivac x2  
  77  6:00  Marauder  
  77  6:01  SCV  
  83  6:06  Marauder  
  83  6:09  SCV  
  84  6:13  Marine x2  
  84  6:14  SCV  
  86  6:24  Marine, Supply Depot  
  86  6:25  SCV  
  88  6:26  Engineering Bay, SCV  
  88  6:28  Orbital Command, Marauder  
  91  6:34  Widow Mine x2  
  91  6:35  Medivac  
  96  6:40  Medivac  
  96  6:41  Marine  
  96  6:43  SCV, Marine  
  100  6:48  Marauder  
  100  6:49  SCV  
  103  6:55  SCV  
  103  6:56  Marauder  
  103  6:57  SCV  
  103  7:00  Supply Depot, Terran Infantry Weapons Level 1  
  107  7:03  Marine x2  
  107  7:06  Widow Mine x2  
  107  7:08  SCV  
  114  7:14  Supply Depot  
  114  7:18  Barracks  
  114  7:19  Concussive Shells  
  114  7:20  Barracks, SCV  
  114  7:21  SCV  
  116  7:26  Marine x2, Supply Depot  
  118  7:31  Widow Mine x2  
  118  7:32  SCV, Marauder  
  118  7:36  SCV  
  126  7:39  Supply Depot  
  126  7:41  Marauder  
  126  7:42  SCV  
  129  7:44  SCV, Supply Depot  
  129  7:47  Marine x2  
  129  7:48  SCV  
  133  7:54  SCV, Supply Depot  
  133  7:55  Widow Mine x2  
  133  7:56  SCV  
  133  7:57  Marauder  
  141  8:00  SCV  
  141  8:03  Marauder  
  141  8:04  Refinery  
  141  8:05  Ghost Academy  
  144  8:06  SCV  
  144  8:07  Marine x2  
  144  8:09  Barracks Tech Lab, Barracks Reactor  
  147  8:15  SCV  
  147  8:19  Supply Depot, Marauder  
  150  8:20  Widow Mine x2  
  150  8:21  SCV  
  150  8:25  Refinery  
  150  8:26  Marauder  
  157  8:28  Marauder  
  157  8:29  Armory  
  157  8:30  Marine x2  
  157  8:31  Engineering Bay  
  161  8:35  Supply Depot  
  161  8:36  Missile Turret  
  161  8:39  Ghost  
  163  8:45  Supply Depot  
  163  8:46  Ghost, Widow Mine x2  
  163  8:48  Marine x3  
  169  8:52  Ghost  
  168  9:03  Marine  
  168  9:04  Supply Depot  
  168  9:05  Medivac  
  168  9:07  Widow Mine x2  
  168  9:08  Ghost  
  168  9:09  Marine x2  
  174  9:10  Marine  
  174  9:15  Ghost  
  162  9:17  Medivac  
  162  9:20  Marine  
  162  9:21  Marine  
  162  9:24  Terran Infantry Weapons Level 2  
  164  9:37  Terran Infantry Armor Level 1, Marauder, Command Center  
  164  9:38  Marine x2  
  166  9:39  Marine, Marauder  
  166  9:43  Viking  
  171  9:47  Viking  
  171  9:48  Marine  
  171  9:50  Starport  
  171  9:52  Supply Depot  
  174  9:54  Marauder  
  174  9:55  SCV x2  
  174  9:56  Marine x2  
  174  9:57  Marine  
  174  9:59  SCV, Marauder  
  184  10:00  Marauder  
  184  10:06  Marine  
  187  10:14  Marine x2  
  176  10:15  Marauder  
  176  10:17  Enhanced Shockwaves  
  176  10:18  Terran Ship Weapons Level 1  
  176  10:19  Marine  
  176  10:20  Marauder  
  176  10:21  SCV x3  
  167  10:22  Marauder  
  169  10:29  Viking x3  
  169  10:30  Viking  
  177  10:40  Ghost  
  177  10:41  Ghost  
  181  10:44  Marine  
  181  10:45  Marine x3  
  181  10:46  Marauder  
  181  10:48  SCV x2  
  189  10:51  Refinery  
  189  10:53  Refinery  
  189  10:54  SCV  
  188  11:00  SCV  
  188  11:01  Medivac  
  188  11:02  Viking  
  193  11:07  Marine x4, Marauder  
  199  11:11  Planetary Fortress  
  199  11:12  SCV  
  200  11:25  Sensor Tower, Command Center  
  199  11:29  Marauder  
  199  11:31  Marine  
  199  11:35  Marine  
  199  11:38  Ghost  
  199  11:45  Marauder  
  199  11:46  Viking  
  195  11:50  Marauder  
  195  11:52  Viking  
  195  11:53  Marine  
  188  12:01  Marine x3  
  183  12:05  Terran Infantry Armor Level 2  
  183  12:06  Terran Infantry Weapons Level 3, Marauder  
  183  12:07  Marauder  
  190  12:11  Barracks, Marine  
  190  12:12  Marauder  
  190  12:13  Barracks  
  190  12:14  Barracks  
  193  12:18  Viking x3  
  193  12:20  Marine  
  200  12:23  Terran Ship Weapons Level 2  
  198  12:30  Marine  
  198  12:35  Marauder  
  199  12:41  Marauder  
  199  12:42  Marauder  
  197  12:48  Viking  
  197  12:50  Viking  
  177  12:52  Viking  
  177  12:56  Marauder  
  177  12:57  Viking  
  174  13:00  Marine x2  
  174  13:01  Ghost, Marine  
  174  13:04  Marauder  
  181  13:08  Barracks Tech Lab x2, Barracks Reactor  
  181  13:10  Marine  
  182  13:18  Viking, Marine x2, Marauder  
  182  13:19  Liberator  
  188  13:22  Medivac  
  188  13:25  Marauder  
  184  13:28  Liberator  
  184  13:30  Marine x2  
  184  13:31  Marauder  
  191  13:37  Marine x2  
  191  13:38  Marauder x2  
  191  13:39  Marauder  
  199  13:42  Personal Cloaking  
  199  13:45  Missile Turret, Sensor Tower  
  199  13:47  Fusion Core  
  199  13:53  Missile Turret  
  199  14:02  Marauder  
  200  14:04  Liberator  
  194  14:14  Ghost  
  194  14:15  Marine x2  
  194  14:17  Marauder  
  200  14:21  Planetary Fortress  
  199  14:28  Missile Turret  
  198  14:33  Missile Turret  
  198  14:36  Marauder  
  200  14:38  Terran Infantry Armor Level 3  
  200  14:52  Marauder  
  198  14:57  Liberator  
  198  14:59  Viking  
  182  15:01  Liberator  
  182  15:03  Liberator  
  182  15:04  Marauder  
  182  15:05  Marine x2  
  182  15:06  Ghost  
  181  15:07  Marine x2  
  181  15:08  Marine  
  181  15:10  Marine  
  181  15:11  Marine x2  
  181  15:14  Marauder  
  179  15:17  Command Center  
  179  15:21  Refinery  
  179  15:22  Marine  
  179  15:23  Refinery, Marine  
  179  15:25  Marine  
  179  15:28  Marine x4  
  185  15:29  Liberator  
  185  15:30  Marine  
  190  15:36  Marauder  
  190  15:39  Ghost x2  
  190  15:40  Liberator  
  195  15:43  SCV  
  195  15:44  Liberator  
  195  15:45  SCV  
  200  15:56  Missile Turret  
  200  15:58  Sensor Tower  
  200  16:21  Barracks Reactor  
  200  16:24  Marine  
  200  16:30  Factory  
  200  16:48  Command Center  
  200  16:49  Terran Ship Weapons Level 3  
  200  16:51  Liberator  
  200  16:52  Command Center  
  200  16:53  Ghost, Marine  
  200  16:57  Ghost  
  200  16:58  Marine  
  200  17:05  Viking  
  200  17:06  Ghost  
  200  17:17  Starport  
  200  17:18  Fusion Core  
  200  17:21  Refinery  
  200  17:25  Sensor Tower  
  200  17:26  Missile Turret  
  200  17:32  Marine, Medivac  
  200  17:36  Marauder  
  200  17:37  Marauder  
  200  17:38  Marine  
  198  17:44  Marauder  
  198  17:45  Viking  
  200  17:58  Neosteel Armor  
  200  17:59  Hi-Sec Auto Tracking  
  199  18:08  Orbital Command  
  199  18:09  Missile Turret  
  199  18:10  Viking  
  199  18:14  SCV x3  
  199  18:16  SCV  
  197  18:21  SCV  
  197  18:24  Viking  
  199  18:36  Marine  
  199  18:38  Marine x2  
  188  18:49  Viking x2  
  188  18:51  Marauder  
  188  18:52  Viking  
  195  18:55  Marauder  
  195  18:56  Marauder  
  197  19:04  Liberator  
  197  19:05  Command Center  
  197  19:06  Command Center  
  200  19:12  Command Center  
  200  19:19  Advanced Ballistics  
  197  19:31  Marauder  
  197  19:37  Marauder  
  197  19:38  Liberator  
  193  19:40  Command Center  
  193  19:45  Ghost  
  195  19:49  Ghost  
  185  19:53  Liberator x2  
  185  19:55  Ghost  
  185  19:56  Marine  
  185  19:59  Liberator  
  195  20:01  Ghost, Marine  
  195  20:04  Marauder  
  198  20:10  Marine  
  198  20:13  Viking  
  195  20:14  Viking, Marauder  
  195  20:18  Marauder  
  195  20:20  Marine  
  195  20:21  Viking  
  194  20:24  Ghost, Orbital Command  
  186  20:36  Medivac, Liberator  
  186  20:42  Liberator  
  187  20:43  Liberator  
  187  20:48  Liberator  
  191  20:53  Orbital Command  
  188  21:08  Planetary Fortress  
  188  21:14  Marauder  
  188  21:15  Missile Turret, Marauder  
  194  21:18  Marauder  
  194  21:20  Marauder  
  194  21:23  Liberator  
  194  21:24  SCV  
  175  21:33  Liberator  
  175  21:37  Marauder  
  180  21:41  Marine x4  
  179  21:50  Ghost  
  179  21:51  SCV, Marine x2  
  179  21:52  Marine  
  185  21:57  Marine  
  185  22:00  SCV x3  
  188  22:02  Marine x2  
  188  22:03  Marauder  
  188  22:04  SCV  
  188  22:05  SCV  
  192  22:14  Marauder  
  192  22:15  Marine x2, Marauder  
  196  22:17  Marine  
  196  22:19  Marine  
  196  22:20  Marine  
  193  22:28  Liberator  
  192  22:30  Marine  
  184  22:38  Marine  
  184  22:39  Marine x2, Marauder  
  184  22:41  SCV  
  184  22:48  SCV  
  175  22:58  Marauder  
  159  22:59  Marine  
  159  23:02  SCV  
  143  23:06  Marine  
  144  23:15  Marauder  
  146  23:23  Marine  
  141  23:41  Marine  
  127  23:57  Marauder  
  108  24:17  Orbital Command  
  108  24:22  SCV  
  104  24:38  SCV  
  96  24:50  Marine  
  96  24:51  Orbital Command  
  89  25:23  Marine  
  86  25:39  Orbital Command, SCV  
  82  26:19  Marine  
  83  26:31  Marine  
  83  26:32  Marine  
  85  26:38  Orbital Command  
  85  26:39  Marine  
  70  27:10  Marine  
  69  27:27  SCV  
  69  27:41  Marine  
  70  27:49  SCV  
  71  27:55  SCV  
  64  28:22  SCV  
  55  28:31  Marine  
  52  28:34  SCV  
  50  28:43  Orbital Command  
  50  28:45  Marine  
  51  29:12  SCV  
  52  29:28  SCV  
  53  29:34  SCV  
  51  29:46  SCV  
  51  29:47  Marine  
Show
View Real Time Build Order
Export as new Build Order

ShoWTimE Protoss 

Build Orders: 1 Gate Expand, Oracle Opening, Blink Stalkers, Carriers 

Get SALT Encoding   

  12  0:00  Probe  
  13  0:12  Probe  
  14  0:18  Pylon  
  14  0:24  Probe (Chrono Boost)  
  15  0:36  Probe (Chrono Boost)  
  15  0:37  Gateway  
  16  0:45  Probe (Chrono Boost)  
  16  0:46  Assimilator  
  17  0:51  Probe  
  18  1:03  Probe  
  19  1:15  Probe  
  20  1:21  Nexus  
  20  1:32  Cybernetics Core  
  20  1:35  Probe  
  20  1:38  Assimilator  
  21  1:47  Probe  
  22  1:49  Pylon  
  22  1:59  Probe  
  23  2:05  Adept (Chrono Boost)  
  25  2:11  Probe  
  26  2:20  Stargate  
  26  2:21  Adept (Chrono Boost)  
  26  2:24  Probe (Chrono Boost)  
  29  2:33  Probe (Chrono Boost)  
  31  2:41  Probe (Chrono Boost)  
  31  2:43  Probe (Chrono Boost)  
  32  2:44  Warp Gate  
  32  2:47  Probe x2 (Chrono Boost)  
  34  2:59  Probe x2  
  34  3:03  Oracle (Chrono Boost)  
  39  3:11  Probe x2  
  41  3:13  Gateway  
  40  3:20  Gateway  
  40  3:23  Twilight Council, Probe  
  40  3:24  Probe  
  42  3:29  Pylon  
  42  3:35  Stalker, Probe  
  42  3:38  Probe  
  46  3:48  Probe  
  47  3:50  Probe  
  47  3:52  Pylon, Blink (Chrono Boost)  
  48  4:00  Probe  
  48  4:02  Probe  
  50  4:09  Nexus  
  50  4:12  Probe  
  50  4:14  Probe  
  50  4:16  Assimilator  
  52  4:18  Pylon  
  52  4:24  Probe  
  52  4:27  Probe  
  54  4:32  Stalker x2  
  54  4:33  Stalker  
  54  4:38  Shield Battery  
  57  4:40  Shield Battery  
  57  4:42  Pylon  
  57  4:48  Probe x2  
  59  4:56  Stalker x3  
  65  5:00  Probe  
  65  5:01  Probe  
  63  5:16  Probe  
  63  5:17  Probe  
  63  5:19  Stalker x3  
  69  5:23  Probe, Forge  
  70  5:29  Probe x2  
  70  5:35  Probe  
  73  5:36  Charge (Chrono Boost)  
  73  5:39  Gateway  
  73  5:40  Gateway  
  73  5:41  Probe  
  75  5:42  Probe  
  75  5:45  Protoss Ground Weapons Level 1 (Chrono Boost)  
  75  5:47  Probe  
  76  5:53  Probe  
  77  5:58  Gateway  
  77  6:01  Gateway  
  77  6:03  Sentry  
  77  6:04  Sentry, Zealot  
  81  6:05  Gateway  
  81  6:07  Gateway  
  83  6:17  Pylon  
  83  6:19  Gateway  
  83  6:21  Robotics Facility  
  83  6:26  Stalker  
  83  6:27  Zealot x2  
  83  6:29  Probe  
  83  6:31  Pylon  
  83  6:32  Probe x2, Shield Battery  
  92  6:39  Pylon  
  92  6:46  Zealot x2  
  96  6:53  Zealot x4  
  104  6:58  Pylon x2, Shield Battery  
  104  7:01  Zealot x3  
  104  7:08  Nexus  
  110  7:10  Observer  
  110  7:11  Pylon  
  110  7:12  Zealot x2  
  115  7:18  Zealot x4  
  123  7:26  Robotics Bay  
  123  7:27  Robotics Facility  
  123  7:28  Probe, Assimilator  
  123  7:29  Probe x2  
  124  7:31  Sentry  
  124  7:35  Assimilator  
  126  7:38  Assimilator  
  126  7:40  Probe, Shield Battery  
  126  7:41  Probe x2  
  126  7:43  Photon Cannon  
  129  7:52  Probe, Protoss Ground Armor Level 1 (Chrono Boost)  
  129  7:56  Photon Cannon  
  130  8:05  Photon Cannon  
  130  8:06  Pylon x2  
  130  8:12  Zealot  
  132  8:13  Colossus (Chrono Boost)  
  132  8:16  Colossus (Chrono Boost)  
  132  8:19  Observer  
  144  8:20  Extended Thermal Lance  
  144  8:27  Stalker x3  
  150  8:31  Zealot x3  
  156  8:38  Stalker x2  
  160  8:42  Stalker  
  160  8:46  Probe x3  
  165  8:55  Stalker x3, Zealot  
  163  8:59  Colossus (Chrono Boost)  
  155  9:06  Zealot x2  
  149  9:10  Zealot x3  
  137  9:17  Colossus (Chrono Boost)  
  141  9:25  Probe x2  
  141  9:29  Forge  
  143  9:32  Stalker x4  
  143  9:36  Stalker x2  
  155  9:38  Zealot  
  155  9:43  Probe x3  
  160  9:46  Probe, Assimilator  
  160  9:48  Dark Shrine  
  160  9:51  Observer (Chrono Boost)  
  162  9:52  Protoss Ground Weapons Level 2 (Chrono Boost)  
  162  9:54  Zealot  
  164  10:03  Assimilator  
  164  10:06  Pylon, Probe x2  
  164  10:08  Pylon, Probe  
  164  10:12  Observer  
  153  10:15  Zealot x6  
  153  10:20  Disruptor x2 (Chrono Boost)  
  155  10:24  Probe  
  155  10:25  Probe  
  163  10:32  Pylon  
  163  10:37  Nexus  
  163  10:38  Pylon  
  163  10:43  Pylon, Zealot x4  
  163  10:49  Disruptor (Chrono Boost)  
  174  10:52  Photon Cannon  
  177  10:57  Protoss Ground Armor Level 2 (Chrono Boost)  
  177  10:59  Disruptor (Chrono Boost)  
  177  11:03  Shield Battery  
  176  11:07  Stalker x4  
  176  11:08  Zealot x2  
  188  11:14  Photon Cannon  
  188  11:16  Zealot x2  
  188  11:17  Probe  
  188  11:18  Probe  
  194  11:21  Shadow Stride  
  194  11:24  Disruptor (Chrono Boost)  
  195  11:32  Disruptor (Chrono Boost), Zealot x4  
  186  11:47  Zealot x4  
  186  11:53  Disruptor  
  186  11:59  Zealot x5  
  194  12:01  Probe  
  194  12:02  Probe  
  194  12:05  Disruptor  
  199  12:09  Probe  
  200  12:16  Gateway  
  200  12:17  Photon Cannon  
  200  12:18  Gateway  
  200  12:19  Gateway  
  200  12:21  Gateway  
  198  12:47  Zealot x8  
  188  12:56  Protoss Ground Weapons Level 3 (Chrono Boost)  
  168  13:00  Disruptor  
  167  13:07  Probe x2  
  167  13:08  Probe x2  
  167  13:10  Dark Templar x11  
  193  13:17  Zealot x3  
  193  13:19  Observer  
  199  13:26  Protoss Ground Armor Level 3 (Chrono Boost)  
  187  13:39  Photon Cannon  
  187  13:42  Photon Cannon  
  187  13:43  Protoss Air Weapons Level 1  
  187  13:45  Pylon  
  187  13:47  Zealot x6  
  199  14:02  Zealot x2  
  200  14:04  Zealot x2  
  200  14:12  Archon x2, Fleet Beacon  
  200  14:15  Stargate  
  200  14:16  Stargate  
  188  14:18  Stalker x6  
  200  14:38  Cybernetics Core  
  200  14:42  Nexus  
  189  14:57  Zealot x9  
  189  14:59  Disruptor (Chrono Boost), Zealot x2  
  197  15:05  Carrier x2 (Chrono Boost)  
  179  15:09  Disruptor (Chrono Boost)  
  179  15:12  Zealot x3  
  171  15:23  Carrier (Chrono Boost)  
  171  15:24  Disruptor (Chrono Boost)  
  171  15:27  Stalker x6  
  171  15:28  Stalker  
  188  15:29  Nexus  
  188  15:31  Pylon  
  188  15:33  Disruptor (Chrono Boost)  
  191  15:37  Protoss Shields Level 1  
  187  15:53  Disruptor, Dark Templar x5  
  187  15:56  Protoss Air Armor Level 1 (Chrono Boost)  
  200  15:58  Photon Cannon  
  200  15:59  Photon Cannon  
  200  16:00  Shield Battery  
  198  16:08  Assimilator  
  198  16:12  Assimilator  
  198  16:20  Pylon, Gravitic Boosters (Chrono Boost)  
  196  16:39  Carrier  
  196  17:11  Dark Templar x2  
  198  17:29  Nexus  
  198  17:30  Protoss Air Weapons Level 2 (Chrono Boost)  
  198  17:31  Pylon  
  198  17:38  Gateway  
  198  17:47  Gateway  
  194  17:52  Gateway  
  194  17:56  Robotics Facility, Gateway  
  194  18:01  Gateway  
  194  18:06  Gateway  
  194  18:07  Carrier (Chrono Boost)  
  194  18:10  Pylon  
  200  18:13  Pylon  
  200  18:26  Photon Cannon, Protoss Air Armor Level 2 (Chrono Boost)  
  196  18:27  Photon Cannon  
  196  18:29  Photon Cannon, Pylon  
  196  18:30  Shield Battery  
  194  18:46  Disruptor x2  
  191  18:52  Carrier (Chrono Boost)  
  178  19:00  Stalker x4, Zealot x5  
  178  19:01  Zealot x5  
  178  19:02  Carrier (Chrono Boost)  
  197  19:19  Pylon  
  197  19:22  Disruptor  
  197  19:38  Dark Templar x4  
  183  19:58  Stalker x8  
  183  19:59  Disruptor (Chrono Boost)  
  188  20:00  Disruptor (Chrono Boost)  
  188  20:05  Zealot  
  188  20:06  Zealot x7  
  198  20:07  Disruptor (Chrono Boost)  
  164  20:25  Stalker x8  
  164  20:26  Stalker x11  
  164  20:27  Zealot  
  164  20:28  Disruptor x2 (Chrono Boost)  
  196  20:36  Disruptor  
  195  20:50  Stalker x2  
  198  21:00  Stalker x3  
  198  21:03  Nexus  
  200  21:07  Pylon  
  191  21:29  Disruptor (Chrono Boost)  
  191  21:30  Disruptor (Chrono Boost)  
  190  21:35  Zealot x8  
  190  21:39  Disruptor (Chrono Boost)  
  190  21:41  Zealot x5  
  168  21:57  Disruptor x2  
  172  22:01  Dark Templar x7  
  172  22:02  Zealot x4  
  172  22:08  Disruptor  
  181  22:27  Stalker x7  
  174  22:44  Stalker x2  
  174  22:45  Stalker x2  
  169  22:54  Observer  
  163  23:02  Dark Templar  
  163  23:03  Zealot x9  
  172  23:11  Zealot x3  
  168  23:43  Zealot x7  
  109  24:13  Stalker x2  
  103  24:20  Stalker  
  82  24:53  Stalker x4  
  83  25:20  Dark Templar  
  85  25:54  Stalker x5  
  75  26:11  Dark Templar  
  64  27:04  Stalker x3  
  64  27:05  Stalker  
  64  27:09  Observer  
  64  27:13  Stalker  
  64  27:38  Stalker x2  
  68  27:55  Stalker x2  
  54  28:43  Stalker  
  54  28:44  Stalker x3  
  52  28:59  Stalker  
  54  29:07  Stalker  
  45  29:28  Stalker  
Tags
 
Add a new tag
Caveats
  • Supply blocks, unpowered buildings, or Contaminate may cause inaccurate times.
  • Supply counts are checked every 10 seconds.